MID
AUGUSTA GREENJACKETS @ BINGHAMTON METS
06/29/2045
 
TOP OF THE 1ST
Augusta GreenJackets batting - Pitching for Binghamton Mets : RHP Zhao-ying Joe
Pitching: RHP Zhao-ying Joe
Batting: RHB Jonathan Reece 0-0: Ball
1-0: Ball
2-0: Ball
3-0: Called Strike
3-1: Fly out, F8 (Flyball, 8LD, EV 98.1 MPH)
Batting: RHB Adam Solesbee 0-0: SINGLE (Line Drive, 7S, EV 88.1 MPH)
Batting: LHB Jared Paige 0-0: DOUBLE (Groundball, 5L, EV 98.1 MPH)
Adam Solesbee to third
Batting: RHB Davey Beeson 0-0: Fly out, F3 (Popup, 3F, EV 75.6 MPH)
Batting: LHB Pong-keun Koh 0-0: Called Strike
0-1: Ball
1-1: Ball
2-1: Ball
3-1: Foul Ball, location: 2F
3-2: Ground out 1-3 (Groundball, 15S, EV 73.8 MPH)
Top of the 1st over - 0 runs, 2 hits, 0 errors, 2 left on base; Augusta 0 - Binghamton 0
BOTTOM OF THE 1ST
Binghamton Mets batting - Pitching for Augusta GreenJackets : RHP John Bittinger
Pitching: RHP John Bittinger
Batting: RHB Ben Herman 0-0: Ball
1-0: Ball
2-0: Foul Ball, location: 2F
2-1: Ball
3-1: Base on Balls
Batting: LHB Bayesa Mundhir 0-0: Ball
1-0: Ball
2-0: Ball
3-0: Base on Balls
Ben Herman to second
Batting: LHB Adam Barry 0-0: Ball
1-0: Ball
2-0: Called Strike
2-1: Foul Ball, location: 2F
2-2: Foul Ball, location: 2F
2-2: Foul Ball, location: 2F
2-2: Ball
3-2: Foul Ball, location: 2F
3-2: Base on Balls
Ben Herman to third
Bayesa Mundhir to second
Batting: SHB Julio Ramos 0-0: Ball
1-0: Foul Ball, location: 2F
1-1: Ball
2-1: Foul Ball, location: 2F
2-2: Ball
3-2: Strikes out swinging
Batting: RHB Gang-sheng Chew 0-0: Called Strike
0-1: Ball
1-1: SINGLE (Groundball, 25, EV 68.1 MPH) (infield hit)
Ben Herman scores
Bayesa Mundhir to third
Adam Barry to second
Batting: LHB Mike Condon 0-0: Called Strike
0-1: Ball
Wild Pitch!
Bayesa Mundhir scores
Adam Barry to third
Gang-sheng Chew to second
1-1: Foul Ball, location: 2F
1-2: Ball
2-2: SINGLE (Groundball, 34S, EV 66.9 MPH) (infield hit)
Batting: RHB Dave Conde 0-0: Called Strike
0-1: Grounds into double play, 4-6-3 (Groundball, 4, EV 83.1 MPH)
Bottom of the 1st over - 2 runs, 2 hits, 0 errors, 2 left on base; Augusta 0 - Binghamton 2
TOP OF THE 2ND
Augusta GreenJackets batting - Pitching for Binghamton Mets : RHP Zhao-ying Joe
Batting: RHB Josh Lippens 0-0: Ball
1-0: Ball
2-0: Ground out 5-3 (Groundball, 56, EV 82.5 MPH)
Batting: RHB Micah McErlean 0-0: Ball
1-0: Ball
2-0: Ground out 6-3 (Groundball, 6S, EV 85.0 MPH)
Batting: RHB Gabe Ochoa 0-0: Fly out, F8 (Flyball, 8LD, EV 98.8 MPH)
Top of the 2nd over - 0 runs, 0 hits, 0 errors, 0 left on base; Augusta 0 - Binghamton 2
BOTTOM OF THE 2ND
Binghamton Mets batting - Pitching for Augusta GreenJackets : RHP John Bittinger
Batting: SHB Jerry Burrows 0-0: Called Strike
0-1: Called Strike
0-2: Ball
1-2: Ball
2-2: Ground out 4-3 (Groundball, 4, EV 87.5 MPH)
Batting: RHB Tetsuhiro Taki 0-0: Ball
1-0: Called Strike
1-1: Ball
2-1: Ball
3-1: Called Strike
3-2: Foul Ball, location: 2F
3-2: SINGLE (Groundball, 56D, EV 99.4 MPH)
Batting: RHB Ben Herman 0-0: Called Strike
0-1: Ball
1-1: Ball
2-1: Fly out, F8 (Line Drive, 8LM, EV 87.5 MPH)
Batting: LHB Bayesa Mundhir 0-0: Ball
1-0: Called Strike
1-1: Foul Ball, location: 2F
1-2: Ball
2-2: Hit by Pitch
Tetsuhiro Taki to second
Batting: LHB Adam Barry 0-0: Called Strike
0-1: Ball
1-1: Ball
2-1: Foul Ball, location: 2F
2-2: Fielders Choice at 2nd, 6-4 (Groundball, 6, EV 88.1 MPH)
Bottom of the 2nd over - 0 runs, 1 hit, 0 errors, 2 left on base; Augusta 0 - Binghamton 2
TOP OF THE 3RD
Augusta GreenJackets batting - Pitching for Binghamton Mets : RHP Zhao-ying Joe
Batting: RHB Ryan Johnston 0-0: Ball
1-0: Ball
2-0: Ground out 5-3 (Groundball, 56S, EV 85.0 MPH)
Batting: RHB Jonathan Reece 0-0: Ball
1-0: Ball
2-0: Reached on error, E2 (Groundball, 15S, EV 70.0 MPH)
Batting: RHB Adam Solesbee 0-0: Ball
Jonathan Reece steals 3rd base
1-0: Ball
2-0: Ball
3-0: Base on Balls
Batting: LHB Jared Paige 0-0: Ball
1-0: Fielders Choice at 2nd, 3-6 (Groundball, 3, EV 88.1 MPH)
Jonathan Reece scores
Batting: RHB Davey Beeson 0-0: Ground out 4-3 (Groundball, 4, EV 91.2 MPH)
Top of the 3rd over - 1 run, 0 hits, 1 error, 1 left on base; Augusta 1 - Binghamton 2
BOTTOM OF THE 3RD
Binghamton Mets batting - Pitching for Augusta GreenJackets : RHP John Bittinger
Batting: SHB Julio Ramos 0-0: Ball
1-0: Ball
2-0: Ball
3-0: Called Strike
3-1: Foul Ball, location: 2F
3-2: Foul Ball, location: 2F
3-2: Base on Balls
Batting: RHB Gang-sheng Chew 0-0: Called Strike
0-1: Swinging Strike
0-2: Strikes out swinging
Batting: LHB Mike Condon 0-0: Ball
1-0: Fielders Choice at 2nd, 6-4 (Groundball, 6M, EV 101.2 MPH)
Batting: RHB Dave Conde 0-0: Ball
1-0: Called Strike
Mike Condon steals 2nd base (no throw)
1-1: Ball
2-1: Ground out 6-3 (Groundball, 6M, EV 88.8 MPH)
Bottom of the 3rd over - 0 runs, 0 hits, 0 errors, 1 left on base; Augusta 1 - Binghamton 2
TOP OF THE 4TH
Augusta GreenJackets batting - Pitching for Binghamton Mets : RHP Zhao-ying Joe
Batting: LHB Pong-keun Koh 0-0: Ball
1-0: Called Strike
1-1: Ball
2-1: SOLO HOME RUN (Flyball, 7LD, EV 91.2 MPH), Distance : 338 ft
Batting: RHB Josh Lippens 0-0: Called Strike
0-1: SINGLE (Groundball, 4MD, EV 101.9 MPH)
Batting: RHB Micah McErlean 0-0: Ground out 4-3 (Groundball, 4, EV 85.0 MPH)
Josh Lippens to second
Batting: RHB Gabe Ochoa 0-0: Ball
1-0: Foul Ball, location: 2F
1-1: Foul Ball, location: 2F
1-2: Ball
2-2: Ball
3-2: Base on Balls
Batting: RHB Ryan Johnston 0-0: Ball
1-0: Ball
2-0: Called Strike
2-1: Swinging Strike
2-2: Fielders Choice at 2nd, 3-6 (Groundball, 34, EV 83.1 MPH)
Josh Lippens to third
Batting: RHB Jonathan Reece 0-0: Called Strike
0-1: Ball
1-1: Ball
2-1: Ball
3-1: Base on Balls
Ryan Johnston to second
Batting: RHB Adam Solesbee 0-0: Called Strike
0-1: Foul Ball, location: 2F
0-2: Fly out, F6 (Popup, P, EV 77.5 MPH)
Top of the 4th over - 1 run, 2 hits, 0 errors, 3 left on base; Augusta 2 - Binghamton 2
BOTTOM OF THE 4TH
Binghamton Mets batting - Pitching for Augusta GreenJackets : RHP John Bittinger
Batting: SHB Jerry Burrows 0-0: Called Strike
0-1: Called Strike
0-2: Ball
1-2: Foul Ball, location: 2F
1-2: Strikes out swinging
Batting: RHB Tetsuhiro Taki 0-0: Called Strike
0-1: Foul Ball, location: 2F
0-2: Ball
1-2: Ball
2-2: DOUBLE (Groundball, 5L, EV 102.5 MPH)
Batting: RHB Ben Herman 0-0: Foul Ball, location: 2F
0-1: Foul Ball, location: 2F
0-2: Ball
1-2: Strikes out swinging
Batting: LHB Bayesa Mundhir 0-0: Ball
1-0: Called Strike
1-1: Foul Ball, location: 2F
1-2: Ball
2-2: Fly out, F3 (Popup, 34, EV 65.6 MPH)
Bottom of the 4th over - 0 runs, 1 hit, 0 errors, 1 left on base; Augusta 2 - Binghamton 2
TOP OF THE 5TH
Augusta GreenJackets batting - Pitching for Binghamton Mets : RHP Zhao-ying Joe
Batting: LHB Jared Paige 0-0: Called Strike
0-1: Ball
1-1: Swinging Strike
1-2: Ball
2-2: Strikes out swinging
Batting: RHB Davey Beeson 0-0: Ball
1-0: Ball
2-0: Ball
3-0: Base on Balls
Batting: LHB Pong-keun Koh 0-0: Called Strike
0-1: Foul Ball, location: 2F
0-2: Ground out 5-3 (Groundball, 56D, EV 96.2 MPH)
Davey Beeson to second
Batting: RHB Josh Lippens 0-0: Ground out U3 (Groundball, 3, EV 108.8 MPH)
Top of the 5th over - 0 runs, 0 hits, 0 errors, 1 left on base; Augusta 2 - Binghamton 2
BOTTOM OF THE 5TH
Binghamton Mets batting - Pitching for Augusta GreenJackets : RHP John Bittinger
Pitching: RHP Peter Ellis
Batting: LHB Adam Barry 0-0: Ball
1-0: Foul Ball, location: 2F
1-1: Ball
2-1: Called Strike
2-2: Ball
3-2: Foul Ball, location: 2F
3-2: Base on Balls
Batting: SHB Julio Ramos 0-0: Swinging Strike
0-1: Swinging Strike
0-2: Strikes out swinging
Batting: RHB Gang-sheng Chew 0-0: Called Strike
Adam Barry is caught stealing 2nd base 2-4
0-1: DOUBLE (Line Drive, 8LXD, EV 97.5 MPH)
Batting: LHB Mike Condon 0-0: Ground out 5-3 (Groundball, 56, EV 94.4 MPH)
Bottom of the 5th over - 0 runs, 1 hit, 0 errors, 1 left on base; Augusta 2 - Binghamton 2
TOP OF THE 6TH
Augusta GreenJackets batting - Pitching for Binghamton Mets : RHP Zhao-ying Joe
Pitching: LHP Joe Starcher
Batting: RHB Micah McErlean 0-0: Foul Ball, location: 2F
0-1: Ball
1-1: Ball
2-1: Ball
3-1: Base on Balls
Batting: RHB Gabe Ochoa 0-0: Grounds into double play, 1-6-3 (Groundball, 13, EV 70.0 MPH)
Batting: RHB Ryan Johnston 0-0: SINGLE (Line Drive, 6M, EV 98.1 MPH)
Pitching: RHP Jason Vulich
Batting: RHB Jonathan Reece 0-0: Called Strike
Pickoff Throw to First - Out! 1-3
Top of the 6th over - 0 runs, 1 hit, 0 errors, 0 left on base; Augusta 2 - Binghamton 2
BOTTOM OF THE 6TH
Binghamton Mets batting - Pitching for Augusta GreenJackets : RHP Peter Ellis
Batting: RHB Dave Conde 0-0: Ball
1-0: Ball
2-0: SINGLE (Popup, 3D, EV 70.0 MPH)
Batting: SHB Jerry Burrows 0-0: Ball
1-0: Ball
2-0: Ball
3-0: Called Strike
3-1: Base on Balls
Dave Conde to second
Batting: RHB Tetsuhiro Taki 0-0: Ball
1-0: Swinging Strike
1-1: Foul Ball, location: 2F
1-2: Ball
2-2: Strikes out swinging
Batting: RHB Ben Herman 0-0: Ball
1-0: Ball
2-0: Grounds into double play, 4-6-3 (Groundball, 4, EV 82.5 MPH)
Bottom of the 6th over - 0 runs, 1 hit, 0 errors, 1 left on base; Augusta 2 - Binghamton 2
TOP OF THE 7TH
Augusta GreenJackets batting - Pitching for Binghamton Mets : RHP Jason Vulich
Batting: RHB Jonathan Reece 0-0: Ball
1-0: Ball
2-0: Ball
3-0: Called Strike
3-1: Base on Balls
Batting: RHB Adam Solesbee 0-0: Ball
1-0: Ball
2-0: Swinging Strike
2-1: Ball
3-1: Called Strike
3-2: Foul Ball, location: 2F
3-2: Foul Ball, location: 2F
3-2: Strikes out swinging
Jonathan Reece steals 2nd base
Batter strikes out.
Batting: LHB Jared Paige 0-0: Ball
Jonathan Reece steals 3rd base
1-0: Called Strike
1-1: Ball
2-1: Ball
3-1: SINGLE (Groundball, 56D, EV 96.2 MPH)
Jonathan Reece scores
Batting: RHB Davey Beeson 0-0: Ball
1-0: Grounds into double play, 1-6-3 (Groundball, 34S, EV 69.4 MPH)
Top of the 7th over - 1 run, 1 hit, 0 errors, 0 left on base; Augusta 3 - Binghamton 2
BOTTOM OF THE 7TH
Binghamton Mets batting - Pitching for Augusta GreenJackets : RHP Peter Ellis
Pitching: RHP Takashi Kino
Batting: LHB Bayesa Mundhir 0-0: Ball
1-0: Swinging Strike
1-1: Swinging Strike
1-2: Foul Ball, location: 2F
1-2: Ball
2-2: Strikes out looking
Batting: LHB Adam Barry 0-0: Ball
1-0: Foul Ball, location: 2F
1-1: Swinging Strike
1-2: Ball
2-2: Strikes out looking
Batting: SHB Julio Ramos 0-0: Ball
1-0: Foul Ball, location: 2F
1-1: Foul Ball, location: 2F
1-2: Strikes out swinging, 2-3 out at first.
Bottom of the 7th over - 0 runs, 0 hits, 0 errors, 0 left on base; Augusta 3 - Binghamton 2
TOP OF THE 8TH
Augusta GreenJackets batting - Pitching for Binghamton Mets : RHP Jason Vulich
Batting: LHB Pong-keun Koh 0-0: Foul Ball, location: 2F
0-1: Foul Ball, location: 2F
0-2: Ball
1-2: Strikes out swinging
Batting: RHB Josh Lippens 0-0: Swinging Strike
0-1: Swinging Strike
0-2: Ball
1-2: Ground out 4-3 (Groundball, 4, EV 106.2 MPH)
Batting: RHB Micah McErlean 0-0: Ball
1-0: Ground out 4-3 (Groundball, 4, EV 80.0 MPH)
Top of the 8th over - 0 runs, 0 hits, 0 errors, 0 left on base; Augusta 3 - Binghamton 2
BOTTOM OF THE 8TH
Binghamton Mets batting - Pitching for Augusta GreenJackets : RHP Takashi Kino
Batting: RHB Gang-sheng Chew 0-0: Called Strike
0-1: Ball
1-1: Ball
2-1: Called Strike
2-2: Strikes out swinging
Batting: LHB Mike Condon 0-0: Called Strike
0-1: Called Strike
0-2: SOLO HOME RUN (Line Drive, 9LD, EV 96.9 MPH), Distance : 352 ft
Batting: RHB Dave Conde 0-0: Ball
1-0: Ball
2-0: Ball
3-0: Base on Balls
Batting: SHB Jerry Burrows 0-0: Called Strike
0-1: Ball
1-1: Fly out, F9 (Line Drive, 9D, EV 91.2 MPH)
Batting: RHB Tetsuhiro Taki 0-0: Ball
1-0: Called Strike
1-1: Foul Ball, location: 2F
1-2: Ball
2-2: Strikes out looking
Bottom of the 8th over - 1 run, 1 hit, 0 errors, 1 left on base; Augusta 3 - Binghamton 3
TOP OF THE 9TH
Augusta GreenJackets batting - Pitching for Binghamton Mets : RHP Jason Vulich
Pitching: LHP Micah Watson
Batting: RHB Gabe Ochoa 0-0: Ball
1-0: Called Strike
1-1: Ground out 5-3 (Groundball, 56, EV 84.4 MPH)
Batting: RHB Ryan Johnston 0-0: Swinging Strike
0-1: Ball
1-1: Ball
2-1: Foul Ball, location: 2F
2-2: Ball
3-2: Strikes out swinging
Batting: RHB Jonathan Reece 0-0: Swinging Strike
0-1: Ball
1-1: SINGLE (Groundball, 56S, EV 64.4 MPH) (infield hit)
Batting: RHB Adam Solesbee 0-0: Ball
1-0: Called Strike
1-1: Called Strike
1-2: Ball
Jonathan Reece steals 2nd base
2-2: 2-RUN HOME RUN (Flyball, 9D, EV 98.8 MPH), Distance : 378 ft
Batting: RHB Justin Baldwin 0-0: Ball
1-0: Ball
2-0: Ball
3-0: Called Strike
3-1: Base on Balls
Pitching: LHP Matt Allert
Batting: RHB Davey Beeson 0-0: Ball
1-0: SINGLE (Groundball, 34D, EV 96.9 MPH)
Justin Baldwin to second
Runner from 2nd tries for 3rd, SAFE, no throw by RF
Batting: LHB Pong-keun Koh 0-0: Ball
1-0: Ball
2-0: Swinging Strike
2-1: Ball
3-1: Foul Ball, location: 2F
3-2: Ground out 4-3 (Groundball, 34, EV 81.2 MPH)
Top of the 9th over - 2 runs, 3 hits, 0 errors, 2 left on base; Augusta 5 - Binghamton 3
BOTTOM OF THE 9TH
Binghamton Mets batting - Pitching for Augusta GreenJackets : RHP Takashi Kino
Pitching: RHP Juan Flores
Batting: RHB Ben Herman 0-0: Ball
1-0: Ball
2-0: Called Strike
2-1: Foul Ball, location: 2F
2-2: Ground out 4-3 (Groundball, 4, EV 91.9 MPH)
Batting: LHB Bayesa Mundhir 0-0: Ball
1-0: Ball
2-0: Called Strike
2-1: Foul Ball, location: 2F
2-2: Strikes out swinging
Batting: LHB Adam Barry 0-0: Foul Ball, location: 2F
0-1: Called Strike
0-2: Ball
1-2: DOUBLE (Flyball, 89XD, EV 105.0 MPH)
Batting: SHB Julio Ramos 0-0: Ball
1-0: Ground out 6-3 (Groundball, 6, EV 86.2 MPH)
Bottom of the 9th over - 0 runs, 1 hit, 0 errors, 1 left on base; Augusta 5 - Binghamton 3
Wednesday, June 22nd , 2022 - OOTP Baseball 23.4 Build 64